 Dungeon Crawl Stone Soup version 0.23.1 (webtiles) character file.

Game seed: 6526301909900378016

47958 PentaManta the Spry (level 14, -16/98 HPs)
             Began as a Kobold Berserker on Mar 10, 2019.
             Was a High Priest of Trog.
             Killed from afar by a fire dragon (48 damage)
             ... with a blast of flame
             ... on level 5 of the Lair of Beasts.
             The game lasted 01:37:26 (22183 turns).

PentaManta the Spry (Kobold Berserker)             Turns: 22183, Time: 01:37:26

Health: -16/98     AC: 12    Str: 23    XL:     14   Next: 84%
Magic:  23/23      EV: 29    Int:  8    God:    Trog [*****.]
Gold:   846        SH:  7    Dex: 16    Spells: 13/13 levels left

rFire    . . .     SeeInvis .   O - +9 quick blade (pierce)
rCold    + . .     Gourm    .   o - +0 buckler
rNeg     . . .     Faith    .   t - +4 steam dragon scales
rPois    +         Spirit   .   x - +0 helmet
rElec    .         Reflect  .   y - scarf {repulsion}
rCorr    +         Harm     .   k - +0 pair of gloves
MR       +....                  S - +0 pair of boots
Stlth    +.........             F - amulet of magic regeneration
HPRegen  0.26/turn              j - ring "Weihekh" {+Inv rPois rC+ MP+9}
MPRegen  0.43/turn              J - ring of resist corrosion

@: mighty, repel missiles
A: small, carnivore
a: Berserk, Trog's Hand, Brothers in Arms, Renounce Religion, Evoke Invisibility


You were on level 5 of the Lair of Beasts.
You worshipped Trog.
Trog was extremely pleased with you.
You were very full.

You visited 3 branches of the dungeon, and saw 20 of its levels.
You also visited: Ossuary and Ice Cave.

You collected 1348 gold pieces.
You spent 502 gold pieces at shops.

Inventory:

Hand Weapons
 n - the +4 rapier "Tovul" {holy, rF+ MR+ Str+4 Stlth+}
   (Trog gifted it to you in an ice cave)

   It has been blessed by the Shining One to cause great damage to the undead
   and demons.
   It affects your strength (+4).
   It protects you from fire.
   It affects your resistance to hostile enchantments.
   It makes you more stealthy.
 A - the +1 rapier "Siaps" {venom, rPois Str+4 Int+2 Stlth-}
   (You found it on level 5 of the Dungeon)

   It poisons the flesh of those it strikes.
   It affects your strength (+4).
   It affects your intelligence (+2).
   It protects you from poison.
   It makes you less stealthy.
 O - a +9 quick blade of piercing (weapon)
Missiles
 U - 3 throwing nets (quivered)
Armour
 k - a +0 pair of gloves (worn)
 o - a +0 buckler (worn)
 t - +4 steam dragon scales (worn)
 x - a +0 helmet (worn)
 y - a scarf of repulsion (worn)
 H - a +0 shield
 S - a +0 pair of boots (worn)
Jewellery
 a - an uncursed ring of positive energy
 f - an uncursed ring of flight
 g - an uncursed ring of positive energy
 i - an uncursed ring of protection from magic
 j - the ring "Weihekh" (left hand) {+Inv rPois rC+ MP+9}
   (You acquired it on level 1 of the Lair of Beasts)

   [ring of poison resistance]

   It protects you from cold.
   It protects you from poison.
   It affects your magic capacity (+9).
   It lets you turn invisible.
 F - an amulet of magic regeneration (around neck)
 G - an uncursed ring of positive energy
 J - a ring of resist corrosion (right hand)
 Y - an uncursed ring of ice
Wands
 m - a wand of scattershot (5)
 r - a wand of random effects (24)
 s - a wand of disintegration (20)
 K - a wand of enslavement (18)
 N - a wand of flame (51)
 W - a wand of paralysis (19)
 X - a wand of acid (9)
 Z - a wand of digging (9)
Scrolls
 d - 13 scrolls of remove curse
 w - 8 scrolls of teleportation
 z - a scroll of fear
 I - 5 scrolls of identify
 M - 3 scrolls of blinking
 P - a scroll of magic mapping
 Q - 4 scrolls of fog
 R - 2 scrolls of enchant weapon
Potions
 b - 3 potions of agility
 e - 8 potions of lignification
 h - a potion of cancellation
 p - 3 potions of curing
 q - 2 potions of invisibility
 u - a potion of ambrosia
 v - a potion of resistance
 B - 6 potions of heal wounds
 C - 2 potions of might
 D - 4 potions of mutation
 E - 2 potions of flight
 L - a potion of berserk rage
 T - a potion of haste
Comestibles
 c - 32 rations
 V - a chunk of flesh


   Skills:
 + Level 15.3 Fighting
 - Level 14.0 Short Blades
 - Level 1.5 Armour
 + Level 16.6 Dodging
 * Level 7.7 Shields


You had 13 spell levels left.
You didn't know any spells.
Your spell library contained the following spells:

 Spells                   Type           Power        Failure   Level  Hunger
 Apportation              Tloc           #.....       41%         1    ##.....
 Confusing Touch          Hex            #.....       41%         1    ##.....
 Magic Dart               Conj           #...         41%         1    ##.....
 Sandblast                Erth           #.....       41%         1    ##.....
 Summon Butterflies       Summ           #.......     41%         1    ##.....
 Blink                    Tloc           N/A          54%         2    ###....
 Call Imp                 Summ           #.......     54%         2    ###....
 Passwall                 Tmut/Erth      #.......     54%         2    ###....
 Searing Ray              Conj           #.....       54%         2    ###....
 Slow                     Hex            #.......     54%         2    ###....
 Confuse                  Hex            #.......     78%         3    ####...
 Conjure Flame            Conj/Fire      #.......     78%         3    ####...
 Dazzling Spray           Conj/Hex       #.....       78%         3    ####...
 Gell's Gravitas          Tloc           #.........   78%         3    ####...
 Lesser Beckoning         Tloc           #.........   78%         3    ####...
 Mephitic Cloud           Conj/Pois/Air  #.......     78%         3    ####...
 Stone Arrow              Conj/Erth      #.....       78%         3    ####...
 Tukima's Dance           Hex            #.......     78%         3    ####...
 Force Lance              Conj/Tloc      #.......     99%         4    #####..
 Fulminant Prism          Conj/Hex       #.........   99%         4    #####..
 Iskenderun's Mystic Bla  Conj           #.......     99%         4    #####..
 Petrify                  Tmut/Erth      #.......     99%         4    #####..
 Alistair's Intoxication  Tmut/Pois      #.......     100%        5    ######.
 Lee's Rapid Deconstruct  Erth           #.........   100%        5    ######.
 Metabolic Englaciation   Hex/Ice        #.........   100%        5    ######.
 Yara's Violent Unravell  Hex/Tmut       #.........   100%        5    ######.
 Invisibility             Hex            #.......     100%        6    #######


Dungeon Overview and Level Annotations

Branches:
Dungeon (14/15)            Temple (1/1) D:5            Lair (5/6) D:11
  Swamp (0/4) Lair:3       Spider (0/4) Lair:3        Slime (0/5) Lair:5
    Orc (0/2) D:9
 Vaults: D:13-14

Altars:
Ashenzari
Cheibriados
Dithmenos
Elyvilon
Fedhas
Gozag
Hepliaklqana
Kikubaaqudgha
Makhleb
Nemelex Xobeh
Okawaru
Qazlal
Ru
Sif Muna
Trog
Uskayaw
Vehumet
Wu Jian
Xom
Yredelemnul
Zin
The Shining One
Beogh
Jiyva

Shops:
D:7 (   D:11 *   D:13 [

Annotations:
D:4 glass
Lair:1 3 runed translucent doors, Gororigu's ghost, journeyman MiBe


Innate Abilities, Weirdness & Mutations

You are small and have problems with some larger weapons.
You are carnivorous and can eat meat at any time.


Message History

Put on which piece of jewellery? (? for menu, Esc to quit)
Okay, then.
Wear which item? (? for menu, Esc to quit)
You start putting on your armour.
You continue putting on your +0 steam dragon scales. x4
You feel a little less mighty now.
The fire dragon roars deafeningly!
You hear an angry hiss.
You finish putting on your +0 steam dragon scales.
As you read the scroll of enchant armour, it crumbles to dust.
Your +0 steam dragon scales glow green for a moment.
As you read the scroll of enchant armour, it crumbles to dust.
Your +1 steam dragon scales glow green for a moment.
As you read the scroll of enchant armour, it crumbles to dust.
Your +2 steam dragon scales glow green for a moment.
As you read the scroll of enchant armour, it crumbles to dust.
Your +3 steam dragon scales glow green for a moment.
You feel very mighty all of a sudden. The fire dragon breathes flames at you.
The blast of flame hits you!!!
You die...

..k8....# ##......#
#.......# ######
#......# #P.#$..
##P....#
........##...†.#
.........###.D.##
..........###....##
.....>...#.##@.§.§#≈≈#
.............[....≈#
..........†....§.###
..........#.######
...........##
....?......##
##...........## ...<
#.P.......÷...# # .#.
#.............# .#..


You could see a fire dragon.

Vanquished Creatures
  A frost giant (IceCv)
  Fannar (D:10)
  4 two-headed ogres
  Harold (Lair:1)
  A centaur warrior (D:13)
  Urug (Lair:2)
  3 slime creatures (D:12)
  The ghost of gothhamster the Shield-Bearer, a novice GnFi of Okawaru (D:8)
  2 unseen horrors
  A cyclops (D:13)
  2 manticores
  3 oklob plants (Lair:2)
  3 ugly things
  3 black mambas
  8 elephants (Lair:4)
  Maurice (D:8)
  An ice statue (IceCv)
  7 rime drakes (Lair:5)
  7 spiny frogs
  7 komodo dragons
  A kobold demonologist (D:13)
  14 polar bears
  3 trolls
  Grinder (D:6)
  9 hippogriffs
  A hornet (D:12)
  18 blink frogs
  A bog body (Lair:3)
  Prince Ribbit (Lair:3)
  A shadow (D:12)
  A wyvern (D:11)
  3 basilisks
  23 yaks
  Grum (D:9)
  11 steam dragons
  A human (D:12)
  A hungry ghost (D:13)
  4 hogs (D:12)
  3 water moccasins
  3 porcupines
  6 orc warriors
  3 sky beasts
  3 ice beasts
  3 black bears
  A necrophage (D:10)
  An eye of draining (D:11)
  4 ogres
  25 wolves
  9 crocodiles
  8 centaurs
  5 big kobolds
  11 bullfrogs
  Blork the orc (D:6)
  9 killer bees
  6 scorpions
  3 wights (D:12)
  5 howler monkeys
  10 crimson imps
  3 bullfrog zombies
  A centaur zombie (Ossuary)
  A quasit (D:9)
  11 orc priests
  3 bullfrog skeletons
  3 jellies
  6 hounds
  8 orc wizards
  2 centaur skeletons
  5 iguanas
  8 worker ants
  3 big kobold zombies (Ossuary)
  A hound zombie (D:5)
  3 mummies (Ossuary)
  Robin (D:4)
  2 worker ant zombies
  8 gnolls
  15 adders
  2 shadow imps
  4 oozes
  2 adder skeletons
  6 worms
  3 dart slugs
  5 leopard geckos
  47 orcs
  2 ball pythons
  6 bats
  6 giant cockroaches
  A gnoll zombie (Ossuary)
  21 goblins
  11 hobgoblins
  13 jackals
  34 kobolds
  2 quokkas
  5 frilled lizards
  A hobgoblin zombie (Ossuary)
  A leopard gecko zombie (D:9)
  2 orc zombies (Ossuary)
  A quokka skeleton (D:4)
  10 rats
  3 butterflies (Lair:4)
544 creatures vanquished.

Vanquished Creatures (collateral kills)
  A wight (D:12)
1 creature vanquished.

Vanquished Creatures (others)
  An ogre (D:4)
  A howler monkey (D:4)
  An orc priest (D:4)
  A hound (D:4)
  A worker ant (D:4)
  An adder (D:4)
  An orc (D:9)
  A fungus (Lair:2)
  5 plants
  4 toadstools (D:1)
17 creatures vanquished.

Grand Total: 562 creatures vanquished

Notes
Turn   | Place    | Note
-------+----------+-------------------------------------------
     0 | D:1      | PentaManta the Kobold Berserker began the quest for the
                  | Orb.
     0 | D:1      | Reached XP level 1. HP: 14/14 MP: 1/1
   104 | D:1      | Reached XP level 2. HP: 19/19 MP: 2/2
   295 | D:1      | Reached skill level 3 in Dodging
   500 | D:1      | Reached XP level 3. HP: 21/23 MP: 3/3
   835 | D:2      | Reached ** piety under Trog
   988 | D:2      | Reached XP level 4. HP: 24/29 MP: 4/4
  1007 | D:2      | You fall through a shaft!
  1075 | D:3      | Reached skill level 4 in Dodging
  1237 | D:3      | Found an ancient bone altar of Kikubaaqudgha.
  1269 | D:3      | Found an ornate altar of the Wu Jian Council.
  1909 | D:2      | Found a bloodstained altar of Trog.
  2078 | D:2      | Reached XP level 5. HP: 33/33 MP: 5/5
  2407 | D:2      | Reached skill level 5 in Short Blades
  2562 | D:2      | Reached skill level 5 in Dodging
  2859 | D:3      | Reached *** piety under Trog
  2859 | D:3      | Reached XP level 6. HP: 39/39 MP: 6/6
  3256 | D:4      | Killed an ogre
  3286 | D:4      | Noticed Robin
  3314 | D:4      | Killed Robin
  3480 | D:4      | Noticed an ogre
  3585 | D:4      | Killed an ogre
  3585 | D:4      | Reached skill level 5 in Fighting
  3711 | D:4      | Found a shimmering altar of Xom.
  3784 | D:4      | Reached skill level 6 in Dodging
  3784 | D:4      | Reached XP level 7. HP: 4/44 MP: 7/7
  4429 | D:4      | Got a polished morningstar
  4541 | D:4      | Identified the cursed +1 morningstar of Maxtiewn
                  | {antimagic, rC+} (You found it on level 4 of the Dungeon)
  5050 | D:5      | Entered Level 5 of the Dungeon
  5132 | D:5      | Found a staircase to the Ecumenical Temple.
  5169 | Temple   | Entered the Ecumenical Temple
  5923 | D:5      | Got an ichor-stained rapier
  5924 | D:5      | Identified the cursed +1 rapier "Siaps" {venom, rPois Str+4
                  | Int+2 Stlth-} (You found it on level 5 of the Dungeon)
  5944 | D:5      | Reached skill level 7 in Dodging
  5944 | D:5      | Reached XP level 8. HP: 43/51 MP: 8/8
  6494 | D:6      | Found a radiant altar of Vehumet.
  6540 | D:6      | Got a slimy shortbow
  6731 | D:6      | Noticed Grinder
  6736 | D:6      | Paralysed by Grinder for 7 turns
  6749 | D:6      | Killed Grinder
  6843 | D:6      | Reached skill level 8 in Dodging
  7013 | D:6      | Reached **** piety under Trog
  7033 | D:6      | Noticed Blork the orc
  7044 | D:6      | Killed Blork the orc
  7044 | D:6      | Reached XP level 9. HP: 54/57 MP: 9/9
  7252 | D:7      | Reached skill level 9 in Dodging
  7570 | D:7      | Found Alahogg's Weapon Boutique.
  8094 | D:8      | Found a runed translucent door.
  8094 | D:8      | Noticed gothhamster's ghost (novice GnFi)
  8223 | D:8      | Reached skill level 10 in Dodging
  8299 | D:8      | Noticed Maurice
  8327 | D:8      | Killed Maurice
  8327 | D:8      | Reached XP level 10. HP: 52/66 MP: 10/10
  8458 | D:8      | Found a sand-covered staircase.
  8466 | Ossuary  | Entered an ossuary
  8902 | D:8      | Reached ***** piety under Trog
  8923 | D:8      | Reached skill level 10 in Fighting
  9040 | D:8      | Reached skill level 11 in Dodging
  9419 | D:8      | Killed gothhamster's ghost
  9589 | D:9      | Found a staircase to the Orcish Mines.
  9608 | D:9      | Found a roughly hewn altar of Beogh.
  9645 | D:9      | Noticed a two-headed ogre
  9656 | D:9      | Killed a two-headed ogre
  9656 | D:9      | Reached skill level 10 in Short Blades
  9656 | D:9      | Reached XP level 11. HP: 74/74 MP: 11/11
  9660 | D:9      | Reached skill level 12 in Dodging
  9734 | D:9      | Found a deep blue altar of Sif Muna.
  9794 | D:9      | Found a glowing golden altar of the Shining One.
  9832 | D:9      | Noticed Grum
  9843 | D:9      | Killed Grum
  9853 | D:9      | Found a glowing silver altar of Zin.
  9853 | D:9      | Found a basalt altar of Yredelemnul.
  9865 | D:9      | Found a faded altar of an unknown god.
  9867 | D:9      | Found a shattered altar of Ashenzari.
  9872 | D:9      | Found a white marble altar of Elyvilon.
 10073 | D:10     | Entered Level 10 of the Dungeon
 10353 | D:10     | Noticed Fannar
 10394 | D:10     | Killed Fannar
 10500 | D:10     | Killed an unseen horror
 11029 | D:11     | Received a gift from Trog
 11035 | D:11     | Reached skill level 13 in Dodging
 11058 | D:11     | Found Imyhi's General Store.
 11065 | D:11     | Bought an uncursed ring of resist corrosion for 300 gold
                  | pieces
 11065 | D:11     | Bought a scroll of identify for 30 gold pieces
 11065 | D:11     | Bought a scroll of blinking for 112 gold pieces
 11065 | D:11     | Bought a scroll of identify for 30 gold pieces
 11065 | D:11     | Bought a scroll of identify for 30 gold pieces
 11448 | D:11     | Found a staircase to the Lair.
 11459 | D:11     | Noticed a purple ugly thing
 11486 | D:11     | Killed a purple ugly thing
 11722 | D:11     | Noticed a two-headed ogre
 11730 | D:11     | Killed a two-headed ogre
 12574 | D:12     | Reached XP level 12. HP: 82/82 MP: 12/12
 12617 | D:12     | Noticed a two-headed ogre
 12626 | D:12     | Killed a two-headed ogre
 12795 | D:12     | Reached skill level 14 in Dodging
 12823 | D:12     | HP: 1/82 [large slime creature (9)]
 12829 | D:12     | HP: 1/82 [large slime creature (21)]
 13342 | D:12     | Received a gift from Trog
 13349 | D:12     | Identified the cursed +0 shortbow "Kafynat" {freeze, Dex+4}
                  | (You found it on level 6 of the Dungeon)
 14406 | D:13     | Found Qinucag's Antique Armour Shop.
 14937 | D:13     | Noticed a centaur warrior
 14961 | D:13     | Killed a centaur warrior
 15348 | D:14     | Noticed a death knight
 15348 | D:14     | Noticed a skeletal warrior
 15412 | D:14     | Noticed a two-headed ogre
 15419 | D:14     | Killed a two-headed ogre
 15419 | D:14     | Reached XP level 13. HP: 89/89 MP: 13/13
 15511 | D:14     | Noticed a centaur warrior
 15511 | D:14     | Noticed a six-headed hydra
 15820 | Lair:1   | Entered Level 1 of the Lair of Beasts
 15835 | Lair:1   | Found a runed translucent gate.
 15835 | Lair:1   | Found a runed translucent gate.
 15835 | Lair:1   | Found a viscous altar of Jiyva.
 15835 | Lair:1   | Found a runed translucent gate.
 15835 | Lair:1   | Noticed Gororigu's ghost (journeyman MiBe)
 16004 | Lair:1   | Reached skill level 15 in Dodging
 16034 | Lair:1   | Noticed Harold
 16045 | Lair:1   | Killed Harold
 16457 | Lair:1   | Identified a scroll of acquirement
 16458 | Lair:1   | Got a faintly glowing golden ring
 16459 | Lair:1   | Identified the ring "Weihekh" {+Inv rPois rC+ MP+9} (You
                  | acquired it on level 1 of the Lair of Beasts)
 16966 | Lair:2   | Reached skill level 1 in Shields
 17046 | Lair:2   | Noticed Urug
 17062 | Lair:2   | Killed Urug
 17878 | Lair:3   | Found a frozen archway.
 17878 | Lair:3   | Found a hole to the Spider Nest.
 17883 | IceCv    | Entered an ice cave
 18120 | IceCv    | Received a gift from Trog
 18159 | IceCv    | Got a translucent rapier {god gift}
 18160 | IceCv    | Identified the +4 rapier "Tovul" {holy, rF+ MR+ Str+4
                  | Stlth+} (Trog gifted it to you in an ice cave)
 18571 | IceCv    | Noticed a frost giant
 18611 | IceCv    | Killed a frost giant
 18773 | IceCv    | Reached XP level 14. HP: 89/96 MP: 14/14
 19141 | Lair:3   | Noticed Prince Ribbit
 19149 | Lair:3   | Killed Prince Ribbit
 19149 | Lair:3   | Reached skill level 5 in Shields
 19487 | Lair:3   | Found a staircase to the Swamp.
 19519 | Lair:3   | Reached skill level 16 in Dodging
 20750 | Lair:4   | Reached skill level 15 in Fighting
 20778 | Lair:4   | Received a gift from Trog
 21303 | Lair:5   | Found a staircase to the Slime Pits.
 21303 | Lair:5   | Found a viscous altar of Jiyva.
 22116 | Lair:5   | Paralysed by fainting for 10 turns
 22183 | Lair:5   | Killed from afar by a fire dragon

Skill      XL: |  1  2  3  4  5  6  7  8  9 10 11 12 13 14 |
---------------+-------------------------------------------+-----
Dodging        | 3 4 5 6 7 8 10 11 13 14 15 16 | 16.6
Fighting       | 4 5 6 7 9 11 12 13 14 15 | 15.3
Short Blades   | 5 6 7 8 10 11 13 14 | 14.0
Shields        | 4 7 |  7.7
Armour         | |  1.5

Action                   |  1- 3 |  4- 6 |  7- 9 | 10-12 | 13-15 || total
-------------------------+-------+-------+-------+-------+-------++-------
Melee: Short sword       |    84 |   298 |   247 |       |       ||   629
       Rapier            |       |       |   285 |   684 |     5 ||   974
       Quick blade       |       |       |       |   199 |   887 ||  1086
Throw: Tomahawk          |       |       |       |     7 |       ||     7
Invok: Berserk           |     2 |     7 |     6 |    13 |     7 ||    35
       Trog's Hand       |       |     1 |     1 |     7 |     2 ||    11
       Brothers in Arms  |       |       |       |     1 |       ||     1
 Abil: Evoke Invisibilit |       |       |       |       |     3 ||     3
       Evoke Flight      |       |       |       |       |     2 ||     2
Evoke: Wand              |       |     7 |       |       |     2 ||     9
  Use: Scroll            |     5 |     6 |    10 |    11 |    10 ||    42
       Potion            |       |     1 |       |     7 |     3 ||    11
 Stab: Sleeping          |     1 |     3 |     1 |       |       ||     5
       Invisible         |       |       |       |       |     9 ||     9
  Eat: Chunk             |    11 |    14 |    15 |    37 |    26 ||   103
       Ration            |       |       |     1 |     2 |     3 ||     6
Armor: Animal skin       |     9 |    29 |    21 |       |       ||    59
       Scale mail        |       |       |    75 |   187 |   101 ||   363
       Skin              |       |       |       |       |     1 ||     1
Dodge: Dodged            |    54 |   198 |   326 |   685 |   389 ||  1652
       Deflected         |       |       |     9 |    14 |    12 ||    35
Block: Buckler           |       |       |       |       |    39 ||    39
